Map: New Repugnancy LE

Players

MaSa

  • Race: Terran Terran
  • Spawn Location: 7:00

iAsonu - Winner!

  • Race: Zerg Zerg
  • Spawn Location: 1:00

Event: 2019 WCS Summer

VOD

Have the link to the VOD?

Description

Time

  • Played on: July 12, 2019, 3:07 p.m.
  • Length: 15:00

All games in this series

Show
View Real Time Build Order
Export as new Build Order

MaSa Terran 

Build Orders:  

Get SALT Encoding   

  12  0:00  SCV  
  13  0:12  SCV  
  14  0:17  Supply Depot  
  14  0:25  SCV  
  15  0:39  SCV  
  15  0:41  Barracks  
  16  0:43  Refinery  
  16  0:51  SCV  
  17  0:59  Barracks  
  17  1:03  SCV  
  18  1:15  SCV  
  19  1:27  Reaper  
  19  1:28  Orbital Command  
  20  1:36  Barracks  
  20  1:41  Refinery  
  20  1:46  Reaper  
  21  1:53  Supply Depot  
  21  1:57  SCV  
  22  2:02  Reaper  
  23  2:15  SCV  
  24  2:19  Reaper  
  24  2:20  Supply Depot  
  25  2:24  Reaper  
  25  2:27  SCV  
  27  2:37  Reaper  
  27  2:39  SCV  
  29  2:51  Reaper  
  30  2:56  Reaper  
  30  2:57  Command Center  
  31  2:59  SCV  
  32  3:09  Reaper  
  32  3:11  SCV  
  34  3:18  Engineering Bay  
  34  3:23  SCV, Reaper  
  34  3:26  Supply Depot  
  36  3:29  Reaper  
  37  3:35  SCV  
  37  3:42  Reaper  
  37  3:43  Refinery  
  37  3:48  SCV, Terran Infantry Weapons Level 1  
  38  3:56  Reaper  
  38  4:00  SCV  
  39  4:05  Barracks  
  39  4:06  Reaper  
  40  4:12  SCV  
  40  4:13  Orbital Command  
  40  4:15  Reaper  
  42  4:24  SCV  
  42  4:28  Reaper  
  42  4:30  Barracks  
  44  4:36  SCV  
  44  4:38  Reaper  
  46  4:40  SCV  
  47  4:47  Reaper  
  47  4:48  SCV  
  47  4:52  SCV, Reaper  
  42  5:01  SCV, Reaper  
  42  5:04  SCV  
  44  5:09  Command Center  
  44  5:10  Reaper  
  44  5:13  SCV  
  46  5:16  SCV  
  46  5:19  Reaper, Supply Depot  
  49  5:24  Reaper  
  49  5:25  SCV  
  49  5:27  Refinery  
  51  5:29  Barracks Tech Lab  
  51  5:30  SCV  
  51  5:33  Reaper  
  52  5:37  SCV  
  52  5:42  Reaper  
  54  5:43  Terran Infantry Armor Level 1  
  54  5:44  SCV  
  54  5:45  Supply Depot  
  54  5:49  SCV  
  56  5:52  Reaper  
  56  5:56  Stimpack, Reaper  
  58  5:58  SCV  
  58  6:00  Reaper  
  58  6:01  SCV  
  61  6:10  SCV  
  61  6:11  Marine  
  63  6:13  SCV  
  63  6:14  Marine  
  63  6:17  Factory  
  65  6:22  Command Center  
  65  6:23  Marine  
  65  6:24  Orbital Command  
  65  6:25  SCV  
  67  6:28  Marine  
  68  6:33  SCV  
  68  6:37  SCV  
  67  6:41  Marine x3  
  67  6:45  Marine, SCV  
  72  6:49  SCV  
  72  6:50  Barracks Reactor  
  73  6:55  Orbital Command  
  73  6:59  SCV  
  74  7:01  Factory Reactor, Starport  
  74  7:04  Barracks x2  
  74  7:05  Barracks, SCV  
  74  7:06  Barracks Reactor  
  74  7:07  Barracks Reactor x2  
  75  7:11  SCV  
  76  7:18  SCV  
  76  7:21  SCV  
  76  7:22  Marine  
  78  7:26  SCV  
  78  7:28  Armory  
  78  7:29  Marine x2  
  80  7:30  Engineering Bay  
  80  7:31  SCV  
  80  7:33  SCV  
  84  7:38  SCV  
  84  7:40  Marine  
  86  7:44  Marine  
  86  7:45  Marine x3, Factory  
  86  7:47  Marine x2  
  86  7:48  Marine  
  86  7:49  Marine  
  94  7:57  Marine x3  
  94  7:58  Marine, SCV  
  98  8:02  Marine x2  
  98  8:05  Marine x4  
  93  8:06  Marine x2, Medivac  
  93  8:08  Medivac  
  88  8:13  SCV  
  88  8:15  Marine x3  
  88  8:16  Marine  
  87  8:20  Marine x2  
  87  8:21  Planetary Fortress  
  87  8:22  SCV  
  87  8:23  Terran Infantry Weapons Level 2, Marine  
  87  8:26  Factory Reactor  
  91  8:28  Factory Tech Lab  
  91  8:30  SCV x2  
  91  8:32  Terran Infantry Armor Level 2  
  93  8:34  Combat Shield  
  93  8:35  SCV  
  93  8:38  Medivac x2  
  98  8:42  Marine, SCV  
  98  8:43  Marine x7  
  98  8:44  SCV  
  108  8:53  Marine x3  
  102  8:56  Marine  
  102  8:57  SCV  
  102  8:58  SCV x2  
  102  8:59  SCV  
  102  9:00  Marine x2  
  102  9:01  Marine x3  
  102  9:02  Marine x2  
  93  9:05  Marine  
  88  9:10  Marine, Widow Mine x2, SCV x3  
  88  9:12  Drilling Claws, SCV  
  88  9:14  Widow Mine  
  97  9:18  Marine x3  
  97  9:21  Terran Vehicle And Ship Armor Level 1  
  97  9:22  SCV x2  
  97  9:23  SCV  
  97  9:24  Marine  
  104  9:27  Marine x2  
  104  9:28  SCV  
  104  9:29  Marine  
  108  9:35  Marine  
  108  9:40  Supply Depot  
  108  9:41  Supply Depot x2  
  108  9:42  Supply Depot x2  
  108  10:02  Marine x9, Widow Mine x2, SCV x3  
  108  10:03  Widow Mine, Supply Depot x2  
  108  10:04  Supply Depot  
  126  10:08  Medivac x2  
  126  10:13  Marauder  
  133  10:18  SCV x3  
  133  10:19  Marine x2  
  133  10:20  Marine x2  
  140  10:21  Barracks Tech Lab  
  140  10:23  Widow Mine x2, Barracks Tech Lab x2  
  140  10:25  Marine, Command Center  
  143  10:32  Marine x3  
  143  10:33  SCV  
  143  10:34  Marauder  
  140  10:37  Marine x2, SCV  
  140  10:38  Marine  
  140  10:42  SCV  
  141  10:44  Terran Infantry Weapons Level 3  
  141  10:45  SCV  
  141  10:46  SCV  
  136  10:52  Marine  
  136  10:53  Marine x2, Marauder x2  
  136  10:55  Marauder, Marine x2  
  133  11:00  Widow Mine  
  134  11:05  Marine x3  
  134  11:11  Marauder, Marine x3  
  121  11:12  SCV  
  121  11:13  SCV  
  121  11:14  SCV x2  
  121  11:16  Marine  
  121  11:17  Marine, Marauder x2  
  136  11:24  SCV  
  130  11:26  Marauder, Marine x2, SCV x2  
  130  11:29  Marine  
  130  11:30  Marine x2  
  132  11:33  Concussive Shells  
  132  11:35  SCV  
  132  11:39  Marine  
  134  11:40  Marauder  
  130  11:51  Marine  
  130  11:52  Marine x6  
  126  11:56  Widow Mine x2  
  126  12:00  Marine x3  
  126  12:01  Marine  
  118  12:09  Marine x7, SCV x2  
  118  12:12  SCV x2  
  124  12:17  Widow Mine  
  124  12:18  Marine x4, Widow Mine  
  124  12:21  SCV x2  
  134  12:27  Marine x3  
  134  12:28  Marauder, Medivac  
  136  12:30  Marine  
  136  12:31  Marine x2  
  136  12:35  Marine, Medivac  
  136  12:36  Marauder, Marine x2  
  143  12:45  Marine x2  
  143  12:46  Command Center  
  143  12:49  Marauder  
  145  13:02  Marine x2  
  145  13:03  Marauder  
  145  13:05  SCV x3  
  129  13:06  Marine x3  
  129  13:07  Marauder  
  129  13:08  Medivac x2  
  138  13:14  Marine x3  
  138  13:15  Marauder  
  138  13:16  Widow Mine  
  138  13:18  SCV x2  
  147  13:20  Marine  
  147  13:21  Widow Mine  
  147  13:22  Widow Mine  
  147  13:24  SCV x2  
  153  13:27  Marine x3  
  153  13:30  SCV  
  153  13:32  Marine  
  153  13:33  Marauder, Marine  
  152  13:36  Marine  
  152  13:37  Marauder  
  152  13:38  Orbital Command  
  152  13:39  Marauder  
  152  13:40  SCV  
  138  13:42  SCV x2  
  119  13:49  Command Center  
  119  13:54  SCV x2  
  111  14:03  SCV  
  111  14:06  SCV x2  
  111  14:08  Marauder  
  115  14:13  Marine  
  116  14:19  Marauder, Medivac  
  116  14:20  Medivac  
  116  14:22  Marine x2  
  116  14:23  Marauder  
  116  14:24  Orbital Command  
  116  14:29  Marine  
  116  14:35  Marine x4  
  116  14:36  Marauder, Widow Mine, SCV  
  116  14:38  Marine  
  110  14:40  Marine x2, SCV  
Show
View Real Time Build Order
Export as new Build Order

iAsonu Zerg - Winner!

Build Orders: Hatch First 

Get SALT Encoding   

  12  0:01  Drone  
  13  0:12  Overlord  
  13  0:17  Drone  
  14  0:31  Drone x2  
  16  0:48  Hatchery  
  15  0:52  Drone  
  15  0:55  Drone  
  17  0:58  Drone  
  17  1:01  Extractor  
  17  1:15  Spawning Pool  
  17  1:17  Drone  
  17  1:20  Drone  
  18  1:28  Drone  
  19  1:44  Overlord  
  19  1:52  Drone  
  20  2:01  Queen x2  
  20  2:02  Metabolic Boost  
  20  2:05  Zergling x2  
  25  2:09  Zergling x2  
  25  2:11  Zergling x2  
  27  2:17  Zergling x2  
  28  2:28  Drone  
  28  2:31  Drone  
  29  2:37  Queen  
  29  2:39  Queen  
  33  2:44  Overlord  
  33  2:47  Zergling x4  
  35  2:53  Overlord  
  35  3:08  Drone x4  
  39  3:15  Queen  
  39  3:18  Drone  
  42  3:26  Overlord  
  42  3:29  Zergling x4  
  44  3:38  Zergling x4  
  45  3:47  Zergling x2  
  45  3:48  Zergling x10  
  51  3:59  Zergling x2  
  51  4:00  Zergling x2  
  53  4:04  Drone  
  53  4:05  Drone  
  55  4:10  Hatchery  
  55  4:15  Overlord  
  55  4:16  Zergling x2  
  55  4:22  Zergling x2  
  56  4:29  Zergling x8  
  60  4:35  Drone, Queen  
  64  4:38  Drone  
  64  4:47  Drone  
  61  5:00  Drone x5  
  61  5:05  Evolution Chamber x2  
  65  5:07  Drone  
  65  5:09  Drone x2  
  65  5:10  Drone  
  68  5:18  Overlord  
  68  5:26  Evolution Chamber  
  68  5:27  Evolution Chamber  
  68  5:28  Drone x3  
  69  5:30  Lair  
  69  5:37  Zerg Ground Armor Level 1  
  69  5:39  Drone x3  
  72  5:44  Drone x7  
  72  5:47  Overlord  
  79  5:55  Drone x2  
  79  5:56  Baneling Nest  
  80  5:58  Drone  
  80  6:02  Extractor  
  80  6:04  Extractor  
  79  6:05  Drone x3  
  79  6:08  Drone x2  
  79  6:10  Drone  
  79  6:11  Drone  
  86  6:12  Overlord  
  86  6:13  Drone  
  87  6:19  Drone x3  
  90  6:25  Extractor  
  90  6:26  Extractor  
  90  6:29  Zerg Melee Weapons Level 1  
  86  6:36  Drone  
  86  6:37  Drone x8  
  93  6:40  Hatchery  
  93  6:47  Overseer, Overlord  
  92  6:52  Overlord  
  92  6:53  Hydralisk Den  
  91  6:59  Centrifical Hooks, Overlord  
  91  7:02  Zergling x14  
  91  7:07  Drone x2  
  100  7:09  Extractor  
  99  7:17  Overlord  
  99  7:18  Zergling x18  
  99  7:20  Overseer  
  108  7:26  Grooved Spines  
  106  7:38  Drone x7  
  106  7:41  Drone x4  
  117  7:45  Zerg Ground Armor Level 2  
  117  7:47  Drone x3  
  119  8:01  Zergling x16  
  109  8:17  Zergling x22  
  111  8:22  Zergling x2  
  111  8:25  Zergling x4  
  111  8:26  Baneling x5  
  112  8:28  Zerg Melee Weapons Level 2  
  112  8:31  Zergling x10  
  112  8:32  Baneling x7  
  117  8:37  Overlord  
  117  8:41  Zergling x2  
  117  8:42  Zergling x2  
  117  8:44  Muscular Augments  
  117  8:47  Infestation Pit  
  118  8:54  Zergling x2  
  118  8:55  Zergling x12  
  118  9:02  Zergling x12  
  112  9:09  Zergling x2  
  107  9:16  Zergling x12  
  111  9:20  Drone x2  
  111  9:23  Hydralisk x2  
  117  9:25  Hive  
  117  9:29  Hydralisk x2, Overlord  
  117  9:30  Hydralisk, Hatchery  
  119  9:36  Baneling x2  
  119  9:37  Baneling x7  
  118  9:39  Overlord  
  118  9:40  Drone  
  118  9:45  Overseer  
  119  9:46  Overlord x2  
  119  9:48  Hydralisk x8  
  135  9:54  Overlord  
  135  9:58  Overlord  
  135  9:59  Hydralisk x6  
  141  10:08  Baneling x5  
  141  10:09  Baneling  
  141  10:10  Zergling x12  
  146  10:23  Zergling x12  
  146  10:24  Zergling x14  
  158  10:30  Zergling x4  
  158  10:35  Baneling x12  
  157  10:43  Zergling x2  
  157  10:44  Zergling x10  
  161  10:51  Zergling x26  
  161  10:55  Zerg Ground Armor Level 3, Zerg Melee Weapons Level 3  
  172  10:59  Zergling x2  
  172  11:00  Zergling x2  
  167  11:11  Zergling x24  
  158  11:17  Zergling x8  
  168  11:18  Baneling x11  
  168  11:20  Overseer  
  168  11:22  Pneumatized Carapace  
  159  11:25  Zergling x10  
  159  11:26  Zergling x8  
  159  11:31  Zergling x6  
  159  11:32  Zergling x2  
  158  11:35  Hydralisk x4  
  159  11:42  Hydralisk x5  
  162  11:50  Zergling x16  
  135  12:01  Hydralisk x7  
  135  12:05  Hydralisk x3  
  146  12:09  Hydralisk  
  146  12:10  Zergling x2  
  146  12:11  Zergling x4  
  141  12:23  Baneling x10  
  141  12:26  Zergling x8  
  145  12:33  Zergling x12  
  145  12:36  Hatchery  
  147  12:41  Zergling x18  
  156  12:45  Spore Crawler  
  155  12:55  Zergling x20  
  165  13:04  Zergling x24  
  163  13:08  Baneling x10  
  163  13:11  Baneling x3  
  163  13:13  Overseer x2  
  163  13:15  Overlord x2  
  162  13:23  Overlord  
  151  13:35  Zergling x2  
  151  13:36  Zergling x32  
  151  13:41  Zergling x16  
  138  13:50  Zergling x8  
  138  13:53  Hydralisk x2  
  140  13:59  Baneling x14  
  140  14:01  Zergling x6  
  142  14:11  Drone x3  
  142  14:12  Zergling x14  
  142  14:14  Baneling x16  
  152  14:22  Zergling x14  
  150  14:28  Zergling x8  
  150  14:29  Zergling x4  
  151  14:34  Zergling x12  
  151  14:35  Zergling x2  
  151  14:38  Zergling x6  
Tags
 
Add a new tag
Caveats
  • Supply blocks, unpowered buildings, or Contaminate may cause inaccurate times.
  • Supply counts are checked every 10 seconds.